Map: Terrasses de Prion

Players

Yeye - Winner!

  • Race: Terran Terran
  • League: Bronze
  • Spawn Location: 11:00

zidar

  • Race: Zerg Zerg
  • League: Silver
  • Spawn Location: 5:00

VOD

Have the link to the VOD?

Description

Time

  • Played on: Jan. 17, 2016, 9:56 a.m.
  • Length: 15:35
Show
View Real Time Build Order
Export as new Build Order

Yeye Terran - Winner!

Build Orders: Liberator Opening 

Get SALT Encoding   

  12  0:01  SCV  
  13  0:13  SCV  
  14  0:26  SCV  
  15  0:30  Supply Depot  
  15  0:35  Refinery  
  15  0:52  SCV  
  15  0:53  Barracks  
  16  0:58  Refinery  
  16  1:04  SCV  
  17  1:17  SCV  
  18  1:34  Supply Depot  
  18  1:40  Orbital Command  
  18  1:43  Marine  
  19  1:47  Factory  
  19  2:14  SCV  
  20  2:26  SCV  
  21  2:31  Starport  
  21  2:32  Factory Tech Lab  
  21  2:35  Barracks Tech Lab  
  21  2:38  SCV  
  22  2:50  SCV  
  23  2:54  Supply Depot  
  23  3:04  Factory Reactor  
  23  3:06  Liberator  
  23  3:11  Marine  
  27  3:29  Marine  
  28  3:38  Fusion Core  
  28  3:47  Marine, Command Center  
  31  3:48  Hellion  
  31  3:49  Liberator, Hellion  
  36  4:15  SCV  
  37  4:27  Supply Depot  
  37  4:28  SCV  
  38  4:32  Liberator  
  38  4:33  Advanced Ballistics  
  38  4:50  Hellion  
  38  4:51  Supply Depot  
  43  4:55  Hellion  
  43  4:57  Marine  
  46  5:02  Orbital Command  
  46  5:15  Liberator, Hellion  
  46  5:19  Hellion  
  50  5:30  Supply Depot  
  53  5:36  Orbital Command  
  53  5:39  Hellion  
  53  5:41  Hellion  
  57  5:57  Liberator  
  57  6:00  Hellion  
  57  6:02  Hellion  
  64  6:18  Supply Depot  
  64  6:21  Hellion  
  64  6:23  Hellion  
  66  7:54  Factory  
  62  8:15  Refinery  
  62  8:16  Refinery  
  54  9:04  Medivac x2  
  54  9:05  Marauder  
  60  9:27  Marauder  
  59  9:34  Medivac  
  61  9:48  Marauder  
  52  10:04  Stimpack  
  36  10:10  Marauder, Liberator x2  
  38  10:15  Siege Tank  
  40  10:31  Marauder  
  34  10:48  Siege Tank  
  37  10:52  Marauder  
  37  10:54  Liberator  
  37  11:05  Barracks  
  37  11:07  Barracks  
  37  11:11  Medivac  
  37  11:14  Marauder  
  44  11:20  Siege Tank  
  45  11:40  Marauder  
  45  11:51  SCV  
  46  11:55  Barracks Reactor  
  46  11:56  Liberator, Barracks Reactor  
  48  12:01  Marauder  
  48  12:03  SCV  
  49  12:13  Medivac  
  49  12:15  SCV  
  57  12:23  Marauder  
  57  12:26  SCV  
  57  12:27  SCV  
  59  12:38  SCV  
  59  12:39  SCV  
  59  12:43  Medivac  
  65  12:44  Marauder  
  65  12:50  SCV  
  65  12:51  Marine x4, SCV  
  66  12:55  Command Center  
  71  12:59  Command Center  
  71  13:01  Engineering Bay  
  71  13:02  SCV, Siege Tank, Engineering Bay  
  71  13:03  SCV  
  78  13:05  Marauder  
  78  13:16  Supply Depot  
  78  13:22  Factory Tech Lab  
  78  13:24  Supply Depot  
  78  13:37  Marine x5, SCV  
  84  13:55  Marine x4  
  88  14:16  Marauder  
  88  14:17  Marine x4  
  94  14:33  Bunker  
  94  14:34  Marine  
  94  14:35  Marine x3  
  94  14:38  Marauder  
  100  14:52  Marine  
  100  14:53  Marine x3  
  100  14:59  Marauder  
  106  15:10  Marine  
  106  15:11  Marine x3  
Show
View Real Time Build Order
Export as new Build Order

zidar Zerg 

Build Orders: Hatch First 

Get SALT Encoding   

  12  0:01  Drone  
  13  0:12  Overlord  
  13  0:17  Drone  
  14  0:30  Drone x2  
  14  0:34  Drone  
  17  0:56  Hatchery  
  17  0:57  Drone  
  17  1:01  Extractor  
  17  1:02  Drone  
  17  1:18  Spawning Pool  
  16  1:31  Drone  
  17  1:33  Drone  
  17  1:34  Overlord  
  18  1:49  Drone  
  19  1:55  Drone  
  19  2:17  Queen  
  19  2:20  Queen  
  23  2:25  Drone x2  
  23  2:26  Drone x2  
  27  2:36  Drone x2  
  29  2:38  Zergling x2  
  29  2:41  Metabolic Boost  
  30  2:51  Drone  
  30  2:52  Roach Warren  
  30  2:53  Drone  
  31  3:02  Overlord  
  31  3:04  Overlord  
  31  3:25  Spore Crawler  
  30  3:28  Lair  
  30  3:36  Spore Crawler  
  30  3:39  Roach x3  
  35  3:47  Baneling Nest  
  34  3:51  Drone  
  34  3:52  Drone x7  
  42  4:07  Extractor  
  41  4:16  Extractor  
  40  4:17  Extractor  
  39  4:34  Evolution Chamber  
  39  4:35  Drone x2  
  39  4:36  Drone x2  
  44  4:53  Roach  
  44  4:56  Overlord x3  
  44  4:57  Overlord  
  44  5:11  Overlord  
  44  5:14  Queen x2  
  44  5:16  Roach  
  44  5:17  Roach x4  
  44  5:19  Ravager x3  
  61  5:26  Overseer  
  61  5:32  Overseer  
  61  5:42  Evolution Chamber  
  60  5:46  Roach x3  
  60  5:49  Pneumatized Carapace  
  65  6:06  Drone  
  65  6:08  Drone  
  65  6:11  Hatchery, Drone  
  67  6:14  Drone  
  63  7:01  Ravager  
  63  7:03  Ravager  
  47  7:27  Ravager  
  47  7:29  Ravager  
  38  7:57  Ravager x3  
  25  8:24  Roach x10  
  25  8:25  Roach x12  
  48  9:01  Ravager  
  48  9:02  Ravager x2  
  51  9:03  Ravager x2  
  53  9:24  Ravager  
  53  9:25  Ravager  
  20  10:29  Roach  
  20  10:33  Zergling x10  
  14  10:57  Drone x4  
  15  11:13  Drone  
  16  11:19  Drone  
  10  11:48  Drone x3  
  10  11:49  Drone  
  10  11:50  Drone  
  15  11:58  Drone  
  16  12:09  Drone  
  16  12:12  Drone  
  16  12:15  Drone  
  19  12:18  Drone  
  19  12:22  Drone  
  21  12:23  Drone  
  22  12:32  Drone x3  
  22  12:34  Drone  
  22  12:36  Drone  
  27  12:38  Drone  
  27  12:41  Drone  
  27  12:42  Drone  
  30  12:54  Queen  
  30  12:55  Queen  
  34  13:02  Queen  
  36  13:11  Drone x5  
  41  13:28  Extractor  
  41  13:31  Extractor  
  22  14:16  Roach  
  22  14:17  Roach x8  
  31  14:38  Roach x2  
  35  14:40  Hatchery  
  34  15:10  Roach  
  34  15:11  Roach x4  
  44  15:24  Ravager  
  44  15:25  Ravager  
Tags
 
Add a new tag
Caveats
  • Supply blocks, unpowered buildings, or Contaminate may cause inaccurate times.
  • Supply counts are checked every 10 seconds.